 Dungeon Crawl Stone Soup version 0.28.0-53-g5a82cb258f (webtiles) character file.

Game seed: 12254589246604658419

60 Descartes the Grasshopper (level 3, 0/35 HPs)
             Began as a Troll Warper on June 8, 2022.
             Slain by Sigmund
             ... wielding a +0 scythe
              (3 damage)
             ... on level 3 of the Dungeon.
             The game lasted 00:03:40 (1946 turns).

Descartes the Grasshopper (Troll Warper)            Turns: 1946, Time: 00:03:41

Health: 0/35       AC: 10    Str: 19    XL:     3   Next: 82%
Magic:  3/3        EV:  9    Int:  9    God:
Gold:   50         SH:  0    Dex: 11    Spells: 4/4 levels left

rFire   . . .      SeeInvis .   a - +0 mace
rCold   . . .      Faith    .   (no shield)
rNeg    . . .      Spirit   .   m - +0 troll leather armour
rPois   .          Reflect  .   (helmet restricted)
rElec   .          Harm     .   (no cloak)
rCorr   +          Rampage  .   (gloves unavailable)
Will    .....                   (boots unavailable)
Stlth   +.........              (no amulet)
HPRegen 1.71/turn               j - ring of resist corrosion
MPRegen 0.08/turn               l - +4 ring of protection

@: no status effects
A: large, unfitting armour, claws 3, regeneration 1, shaggy fur 1, tough skin 1
a: no special abilities


You were on level 3 of the Dungeon.
You visited 1 branch of the dungeon, and saw 3 of its levels.

You collected 50 gold pieces.

Inventory:

Hand Weapons
 a - a +0 mace (weapon)
Missiles
 d - 5 boomerangs of dispersal (quivered)
 p - 10 stones
Armour
 b - a +0 robe
 m - a +0 troll leather armour (worn)
Jewellery
 j - a ring of resist corrosion (left claw)
 l - a +4 ring of protection (right claw)
Scrolls
 c - a scroll of blinking
 g - 2 scrolls of fear {unknown}
 i - a scroll of noise {unknown}
 n - a scroll of enchant weapon {unknown}
 o - a scroll of silence {unknown}
Potions
 e - a potion of invisibility {unknown}
 f - a potion of might {unknown}
 h - a potion of flight {unknown}
 k - a potion of curing {unknown}
 q - a potion of lignification {unknown}


   Skills:
 + Level 2.3 Fighting
 + Level 2.5 Maces & Flails
 - Level 0.8 Throwing
 + Level 0.1 Armour
 + Level 2.0 Dodging
 - Level 1.2 Spellcasting
 + Level 2.6 Translocations


You had 4 spell levels left.
You didn't know any spells.
Your spell library contained the following spells:

 Spells                   Type           Power      Damage    Failure   Level
 Blink                    Tloc           10%        N/A       22%         2
 Gell's Gravitas          Tloc           5%         N/A       38%         3
 Lesser Beckoning         Tloc           5%         N/A       38%         3
 Teleport Other           Tloc           5%         N/A       38%         3
 Manifold Assault         Tloc           5%         N/A       98%         5


Dungeon Overview and Level Annotations

Branches:
Dungeon (3/15)

Altars:

Shops:
D:1 :

Annotations:
D:3 Sigmund


Innate Abilities, Weirdness & Mutations

You are too large for most types of armour.
You have claws for hands.
Your natural rate of healing is unusually fast.
You are covered in fur. (AC +1)
You have tough skin. (AC +1)


Message History

Sigmund is severely wounded.
You closely miss Sigmund.
Sigmund is severely wounded.
Sigmund hits you with a +0 scythe.
You closely miss Sigmund.
Sigmund is severely wounded.
Sigmund hits you with a +0 scythe!
You hit Sigmund but do no damage.
Sigmund is severely wounded.
Sigmund gestures at you while chanting. You resist with significant effort.
You barely miss Sigmund.
Sigmund is severely wounded.
Sigmund closely misses you.
You barely miss Sigmund.
Sigmund is severely wounded.
Sigmund casts a spell.
Sigmund flickers and vanishes!
Deactivating autopickup; reactivate with Ctrl-A.
You closely miss something.
You hear some strange, mumbled words.
A puff of flame appears from out of thin air!
The puff of flame hits you.
You miss something. Something hits you but does no damage.
You closely miss something. You completely miss something. Something hits you.
You hit something. Something hits you!
You closely miss something. Something hits you.
You miss something. Something hits you but does no damage.
You miss something. Something hits you!
You miss something. Something hits you but does no damage.
You barely miss something. You hit something. Something hits you!
* * * LOW HITPOINT WARNING * * *
You closely miss something. Something hits you.
* * * LOW HITPOINT WARNING * * *
You thump something! Something hits you!
* * * LOW HITPOINT WARNING * * *
You closely miss something. Something hits you.
You die...

... .# .. #.# .#
# #.# #.# .# .#
.. #.###.#.!#
#.##........#
..#..#.##..+
#.#..#.#
###.#..#.#
#....@.#.#
#.#..{.#.#
#<...#.#
#.#....#.#
###.....##.# #
#.###.#>...#.#
#......<#....#
#.##.##.#.####
#.#.....#.#######


There were no monsters in sight!

Vanquished Creatures
  3 adders
  A dart slug (D:1)
  3 ball pythons
  4 bats (D:1)
  2 endoplasms
  3 goblins
  4 hobgoblins
  4 kobolds
  2 quokkas
  2 frilled lizards (D:1)
  3 rats
31 creatures vanquished.

Notes
Turn   | Place    | Note
-------+----------+-------------------------------------------
     0 | D:1      | Descartes the Troll Warper began the quest for the Orb.
     0 | D:1      | Reached XP level 1. HP: 19/19 MP: 1/1
   162 | D:1      | Reached XP level 2. HP: 27/28 MP: 2/2
   335 | D:1      | Found Fisulaat's Book Boutique.
  1115 | D:2      | Found a faded altar of an unknown god.
  1176 | D:2      | Reached XP level 3. HP: 35/35 MP: 3/3
  1870 | D:3      | Noticed Sigmund
  1945 | D:3      | HP: 1/35 [something (9)]
  1946 | D:3      | Slain by Sigmund

Illustrated notes

Levels and vault maps discovered:
D:1:      pf_arrival_petrified_forest, layout_loops_corners, serial_shops, shop,
          roderic_lattice_a, minivault_26
D:2:      layout_basic, hellmonk_ecumenical_altar_run_dry
D:3:      layout_basic, serial_park_tiny_2, uniq_sigmund

Skill      XL: |  1  2  3 |
---------------+----------+-----
Maces & Flails | 2 |  2.5
Fighting       | 2 |  2.3
Dodging        | 2 |  2.0
Throwing       | |  0.8
Armour         | |  0.1
Spellcasting   | |  1.2
Translocations | |  2.6

Action                   || total
-------------------------++-------
Melee: Mace              ||   145
       Punch             ||     1
 Stab: Sleeping          ||     1
Armor: Robe              ||    49
       Troll leather arm ||    41
Dodge: Dodged            ||    81
